 Dungeon Crawl Stone Soup version 0.24.1-14-gf8d2b509d9 (webtiles) character file.

Game seed: 15382959271038544380, levelgen mode: deterministic

9 mortelune the Insei (level 2, 0/18 HPs)
             Began as an Octopode Transmuter on May 19, 2020.
             Slain by a ball python (1 damage)
             ... on level 1 of the Dungeon.
             The game lasted 00:00:30 (302 turns).

mortelune the Insei (Octopode Transmuter)            Turns: 302, Time: 00:00:31

Health: 0/18       AC:  1    Str:  9    XL:     2   Next: 12%
Magic:  4/5        EV: 13    Int: 15    God:
Gold:   49         SH:  0    Dex: 12    Spells: 4/5 levels left

rFire    . . .     SeeInvis .     - Unarmed
rCold    . . .     Gourm    .   (no shield)
rNeg     . . .     Faith    .   (helmet restricted)
rPois    .         Spirit   .   b - amulet of rage
rElec    .         Reflect  .   (no ring)
rCorr    .         Harm     .   (no ring)
MR       .....                  (no ring)
Stlth    ++........             (no ring)
HPRegen  0.06/turn              (no ring)
MPRegen  0.09/turn              (no ring)
                                (no ring)
                                (no ring)

@: berserk cooldown, slowed, very slow
A: almost no armour, stealthy swim, amphibious, 8 rings, constrict 8, camouflage
1, gelatinous body 1
a: Evoke Berserk Rage


You were on level 1 of the Dungeon.
You were not hungry.

You visited 1 branch of the dungeon, and saw 1 of its levels.

You collected 49 gold pieces.

Inventory:

Missiles
 Q - 12 arrows
Jewellery
 b - an amulet of rage (around mantle)
Scrolls
 d - a scroll of enchant weapon {unknown}
 e - a scroll of remove curse {unknown}
Comestibles
 a - 5 chunks of flesh
 c - a ration


   Skills:
 + Level 1.2 Fighting
 - Level 2.0 Dodging
 - Level 3.0 Unarmed Combat
 + Level 2.1 Spellcasting
 * Level 2.4 Transmutations


You had 4 spell levels left.
You knew the following spells:

 Your Spells              Type           Power        Failure   Level  Hunger
a - Beastly Appendage     Tmut           #.....       9%          1    #......

Your spell library contained the following spells:

 Spells                   Type           Power        Failure   Level  Hunger
 Sticks to Snakes         Tmut           #.......     12%         2    ###....
 Spider Form              Tmut/Pois      #.........   36%         3    ###....
 Ice Form                 Ice/Tmut       #.......     78%         4    #####..
 Blade Hands              Tmut           #.........   92%         5    ######.


Dungeon Overview and Level Annotations

Branches:
Dungeon (1/15)

Altars:


Innate Abilities, Weirdness & Mutations

You cannot wear most types of armour.
You are very stealthy in the water. (Stealth+)
You are amphibious.
You can wear up to eight rings at the same time.
You can use your tentacles to constrict eight enemies at once.
Your skin changes colour to match your surroundings (Stealth+).
Your rubbery body absorbs attacks. (AC +1, EV +1)


Message History

You squeeze the kobold.
You kill the kobold!
The jackal bites you.
* * * LOW HITPOINT WARNING * * *
You completely miss the jackal. You grab the jackal.
You pierce the jackal.
You squeeze the jackal.
You kill the jackal!
You have reached level 2!
The ball python hisses angrily.
The jackal barely misses you.
Things that are here:
a +0 dagger; a jackal corpse; a kobold corpse You tentacle-slap the jackal.
You kill the jackal!
Your tentacle spike disappears.
You feel a strong urge to attack something.
You are no longer berserk.
You are exhausted.
You feel yourself slow down. The ball python bites you.
You die...

###### ##.....
.......#####
...........######
........S........
.......##@#####.....#####.
....... #.#...#.....#...#.
....... #.#.8.#.....#.8.#.
....... #.#...#.....#...#.
....... #.#####.....#####.
....... #.................
....... #.................
#........<........
#.................


You could see a ball python.

Vanquished Creatures
  A leopard gecko (D:1)
  3 jackals (D:1)
  2 bats (D:1)
  A kobold (D:1)
  A rat (D:1)
8 creatures vanquished.

Notes
Turn   | Place    | Note
-------+----------+-------------------------------------------
     0 | D:1      | mortelune the Octopode Transmuter began the quest for the
                  | Orb.
     0 | D:1      | Reached XP level 1. HP: 13/13 MP: 3/3
   298 | D:1      | Reached XP level 2. HP: 1/18 MP: 3/5
   302 | D:1      | Slain by a ball python

Levels and vault maps discovered:
D:1:      minmay_arrival_glassed_features, layout_basic,
          wander_ebering_terrifying_dragon_lair

Action                   || total
-------------------------++-------
Melee: Unarmed           ||    16
       Constrict         ||     5
       Tentacles         ||     4
       Kick              ||     1
 Cast: Beastly Appendage ||     1
 Abil: Evoke Berserk Rag ||     1
 Stab: Sleeping          ||     2
Armor: Skin              ||     3
Dodge: Dodged            ||    13
